 Dungeon Crawl Stone Soup version 0.26.0-18-gc5c842f807 (webtiles) character file.

Game seed: 5507996801421649928

49 promet the Firebug (level 3, 0/19 HPs)
             Began as a Tengu Fire Elementalist on Jan 22, 2021.
             Slain by a white imp (3 damage)
             ... on level 2 of the Dungeon.
             The game lasted 00:13:52 (1610 turns).

promet the Firebug (Tengu Fire Elementalist)        Turns: 1610, Time: 00:13:53

Health: 0/19       AC:  3    Str:  8    XL:     3   Next: 75%
Magic:  4/7        EV: 17    Int: 16    God:
Gold:   124        SH:  0    Dex: 14    Spells: 5/6 levels left

rFire    . . .     SeeInvis .   a - +0 short sword
rCold    . . .     Faith    .   (no shield)
rNeg     . . .     Spirit   .   d - +0 robe
rPois    +         Reflect  .   (helmet restricted)
rElec    .         Harm     .   g - +0 cloak
rCorr    .         Rampage  .   (no gloves)
Will     .....                  (boots unavailable)
Stlth    ++........             (no amulet)
HPRegen  0.06/turn              e - +4 ring of evasion
MPRegen  0.10/turn              k - ring of poison resistance

@: no status effects
A: beak, talons 3
a: no special abilities


You were on level 2 of the Dungeon.
You visited 1 branch of the dungeon, and saw 2 of its levels.

You collected 124 gold pieces.

Inventory:

Hand Weapons
 a - a +0 short sword (weapon)
 b - a +0 hunting sling
Missiles
 c - 60 stones (quivered)
 f - 4 datura-tipped darts
 i - 82 arrows
Armour
 d - a +0 robe (worn)
 g - a +0 cloak (worn)
Jewellery
 e - a +4 ring of evasion (left hand)
 k - a ring of poison resistance (right hand)
Scrolls
 h - a scroll of identify
 l - a scroll of remove curse
Potions
 j - 2 potions of heal wounds
 m - a potion of curing {unknown}


   Skills:
 + Level 0.2 Fighting
 + Level 0.3 Slings
 + Level 2.3 Dodging
 + Level 2.2 Stealth
 * Level 2.4 Spellcasting
 + Level 2.4 Conjurations
 + Level 3.9 Fire Magic


You had 5 spell levels left.
You knew the following spells:

 Your Spells              Type           Power        Failure   Level
a - Foxfire               Conj/Fire      48%          5%          1

Your spell library contained the following spells:

 Spells                   Type           Power        Failure   Level
 Conjure Flame            Conj/Fire      12%          16%         3
 Inner Flame              Hex/Fire       8%           26%         3
 Sticky Flame             Conj/Fire      12%          47%         4
 Fireball                 Conj/Fire      6%           83%         5


Dungeon Overview and Level Annotations

Branches:
Dungeon (2/15)

Altars:


Innate Abilities, Weirdness & Mutations

You have a beak for a mouth.
You have claws for feet.


Message History

You conjure some foxfire!
Your foxfire dissipates!
Casting: Foxfire (safe; 5% risk of failure)
Confirm with . or Enter, or press ? or * to list all spells.
You conjure some foxfire!
Your foxfire dissipates!
The foxfire hits the white imp but does no damage.
Casting: Foxfire (safe; 5% risk of failure)
Confirm with . or Enter, or press ? or * to list all spells.
You conjure some foxfire!
Your foxfire dissipates!
The foxfire hits the white imp but does no damage.
You barely miss the white imp.
You claw the white imp, but do no damage.
The white imp hits you. The white imp freezes you.
* * * LOW HITPOINT WARNING * * *
You barely miss the white imp. You claw the white imp.
The white imp is moderately wounded.
The white imp hits you.
You die...

### ##.## ##.#.## ##
##.#.#.## ..
##.#.#.#.## #. ###
#.#.@##.#.## #.
##.## ##.#.5##.#.##
#.###...##
##.#[.##.#.##
#.^....#.##
##..#.##.#)##
#####.#.#.##
##..#.##.#.##
#.##.#.##
##..#.##v#.#
#.###.#.##
#.#.##.#.## #.#
##.#.## #.#.##.#.##
#.#
##.#.##.#5##.#.#####


You could see a white imp.

Vanquished Creatures
  An adder (D:2)
  An ooze (D:1)
  A worm (D:2)
  2 dart slugs (D:1)
  A leopard gecko (D:1)
  A giant cockroach (D:1)
  5 goblins
  2 hobgoblins (D:1)
  A ball python (D:1)
  6 bats (D:1)
  2 frilled lizards (D:1)
  2 kobolds (D:1)
  5 rats (D:1)
30 creatures vanquished.

Vanquished Creatures (others)
  59 foxfires
59 creatures vanquished.

Grand Total: 89 creatures vanquished

Notes
Turn   | Place    | Note
-------+----------+-------------------------------------------
     0 | D:1      | promet the Tengu Fire Elementalist began the quest for the
                  | Orb.
     0 | D:1      | Reached XP level 1. HP: 10/10 MP: 4/4
   122 | D:1      | Reached XP level 2. HP: 15/15 MP: 4/6
   615 | D:1      | Reached XP level 3. HP: 19/19 MP: 4/7
  1610 | D:2      | Slain by a white imp

Illustrated notes

Levels and vault maps discovered:
D:1:      lightli_arrival_lavapool, layout_basic, serial_bayou_pond_b
D:2:      minmay_inner_zag, layout_loops_ring, dk_yredelemnul_ordeal

Skill      XL: |  1  2 |
---------------+-------+-----
Conjurations   | 2 |  2.4
Fighting       | |  0.2
Slings         | |  0.3
Dodging        | |  2.3
Stealth        | |  2.2
Spellcasting   | |  2.4
Fire Magic     | |  3.9

Action                   || total
-------------------------++-------
Melee: Short sword       ||    27
       Peck              ||     3
       Kick              ||     4
 Fire: Hunting sling     ||    13
 Cast: Foxfire           ||    59
  Use: Scroll            ||     5
       Potion            ||     3
 Stab: Sleeping          ||     2
Armor: Robe              ||     8
Dodge: Dodged            ||    48
